[Event "January 2 Late 2024"]
[Site "https://www.chess.com"]
[Date "2024.01.02"]
[Round "3"]
[White "Popilski, Gil"]
[Black "Ibarra Jerez, Jose Carlos"]
[Result "1/2-1/2"]
[Board "34"]
[TimeControl "180+1"]
[WhiteFideId "2809060"]
[BlackFideId "2226332"]
[WhiteElo "2678"]
[BlackElo "2906"]
[WhiteTeam "ISR"]
[BlackTeam "ESP"]
[WhiteClock "0:00:12"]
[BlackClock "0:00:09"]

1. e4 c5 2. Nf3 Nc6 3. Nc3 e6 4. g3 Nf6 5. Bg2 d5 6. exd5 exd5 7. O-O d4 8. Re1+ Be7 9. Ne4 Nxe4 10. Rxe4 d3 11. Ne5 dxc2 12. Qxc2 Nxe5 13. Rxe5 O-O 14. d3 Bd6 15. Re1 Rb8 16. Be3 Bf5 17. Rad1 Re8 18. Qa4 a6 19. d4 b5 20. Qxa6 c4 21. a3 h5 22. Bd2 Rf8 23. Ba5 Qf6 24. Bc3 Qg6 25. d5 h4 26. Be5 Rfd8 27. Bxd6 Rxd6 28. Qa7 Rbd8 29. Qc5 hxg3 30. hxg3 Bd7 31. Re5 Bg4 32. Rde1 f6 33. Re7 Qh5 34. Qxb5 Bf3 35. Qxc4 Rxd5 36. R7e3 Bxg2 37. Kxg2 Kf8 38. Qb4+ Kg8 39. Qc4 Kf8 40. Re7 Rd4 41. Qe6 Qd5+ 42. Qxd5 R8xd5 43. R7e2 Rb5 44. b4 Rd3 45. Ra1 Rb3 46. Kf1 Kf7 47. Ke1 Rb8 48. Kd1 Ra8 49. Kc2 Rbxa3 50. Rxa3 Rxa3 51. Kb2 Ra8 52. Kb3 Rb8 53. Rb2 Ke6 54. Kc4 Kd6 55. b5 Kc7 56. Kd5 Re8 57. b6+ Kb7 58. Kd6 Re1 59. Rb3 Re2 60. f4 f5 61. Kd5 Re1 62. Kd4 Re4+ 63. Kd5 g5 64. fxg5 Rg4 65. Ke5 Rxg5 66. Kf4 Rh5 67. Rb5 Rh1 68. Rb4 Rf1+ 69. Kg5 Rf3 70. Kh4 Rf1 71. Rb3 Rf2 72. Kg5 Rf1 73. Rb5 Rf3 74. Kh4 Rf1 75. Rb4 Rf2 76. Rf4 Rh2+ 77. Kg5 Kxb6 78. Kxf5 Rh8 79. Rc4 Kb5 80. Rc7 Rf8+ 81. Ke4 Rg8 82. Kf4 Rf8+ 83. Ke3 Rg8 84. Kf3 Rf8+ 85. Kg2 Kb6 86. Rc1 Rg8 87. Rc2 Kb5 88. Rc7 Kb6 89. Rc3 Kb5 90. Rc1 Kb6 91. Kh3 Rh8+ 92. Kg4 Rg8+ 93. Kf4 Rf8+ 94. Ke3 Re8+ 95. Kf2 Rf8+ 96. Kg2 Rg8 1/2-1/2

[Event "January 2 Late 2024"]
[Site "https://www.chess.com"]
[Date "2024.01.02"]
[Round "3"]
[White "Hua, Lefong"]
[Black "Tang, Andrew"]
[Result "0-1"]
[Board "35"]
[TimeControl "180+1"]
[WhiteFideId "2602253"]
[BlackFideId "2059630"]
[WhiteElo "2676"]
[BlackElo "2903"]
[WhiteTeam "CAN"]
[BlackTeam "USA"]
[WhiteClock "0:00:43"]
[BlackClock "0:01:08"]

1. d4 d5 2. c4 e6 3. Nc3 Be7 4. cxd5 exd5 5. Bf4 c6 6. e3 Bf5 7. Bd3 Bxd3 8. Qxd3 Nf6 9. h3 O-O 10. Nf3 Nbd7 11. O-O Re8 12. Rac1 Bf8 13. Bh2 Ne4 14. Nd2 Ng5 15. Rfe1 Ne6 16. Nf3 Nf6 17. Ne5 Bd6 18. a3 a5 19. Nf3 Bxh2+ 20. Kxh2 Qd6+ 21. Kg1 Re7 22. Na4 Ne4 23. Nd2 f5 24. f3 Ng3 25. Nf1 Nxf1 26. Qxf1 f4 27. Qd3 fxe3 28. Qxe3 Qg3 29. Qf2 Qg6 30. Kh2 Rae8 31. Re5 Nf4 32. Rce1 Nd3 33. Rxe7 Rxe7 0-1

[Event "January 2 Late 2024"]
[Site "https://www.chess.com"]
[Date "2024.01.02"]
[Round "3"]
[White "Livaic, Leon"]
[Black "Espinoza Villanueva, Rodrigo"]
[Result "1-0"]
[Board "36"]
[TimeControl "180+1"]
[WhiteFideId "14531534"]
[BlackFideId "5140188"]
[WhiteElo "2895"]
[BlackElo "2645"]
[WhiteTeam "CRO"]
[BlackTeam "MEX"]
[WhiteClock "0:01:18"]
[BlackClock "0:00:54"]

1. d4 Nf6 2. c4 g6 3. Nc3 Bg7 4. e4 d6 5. h3 O-O 6. Be3 a5 7. g4 Na6 8. Nge2 e5 9. d5 Nd7 10. h4 f5 11. gxf5 gxf5 12. exf5 Ndc5 13. Ng3 Bxf5 14. Nxf5 Rxf5 15. Qg4 Qd7 16. Rg1 Kh8 17. O-O-O Raf8 18. Bh3 Nb4 19. Bxc5 dxc5 20. Qe4 Bh6+ 21. Kb1 a4 22. a3 Na6 23. d6 c6 24. Rg2 Qf7 25. Bxf5 Qxf5 26. Qxf5 1-0

[Event "January 2 Late 2024"]
[Site "https://www.chess.com"]
[Date "2024.01.02"]
[Round "3"]
[White "Rustemov, Alexander"]
[Black "Lamaze, Simon"]
[Result "0-1"]
[Board "37"]
[TimeControl "180+1"]
[WhiteFideId "4119002"]
[BlackFideId "36069264"]
[WhiteElo "2873"]
[BlackElo "2638"]
[WhiteTeam "RUS"]
[BlackTeam "FRA"]
[WhiteClock "0:00:00"]
[BlackClock "0:00:23"]

1. d4 Nf6 2. c4 g6 3. Nf3 Bg7 4. g3 d6 5. Bg2 O-O 6. Nc3 c5 7. O-O Nc6 8. dxc5 dxc5 9. Bf4 Bd7 10. Ne5 Nxe5 11. Bxe5 Qc8 12. Qb3 Bc6 13. Rfd1 Bxg2 14. Kxg2 Nd7 15. Nd5 Re8 16. Bxg7 Kxg7 17. Qc3+ f6 18. Rd2 Qc6 19. f3 Ne5 20. Rad1 b6 21. b3 Nf7 22. Qe3 e6 23. Nf4 Re7 24. h4 a6 25. h5 b5 26. hxg6 hxg6 27. Qd3 Ne5 28. Qc3 bxc4 29. bxc4 Nf7 30. Qc2 Ne5 31. Rd6 Qc8 32. Rb1 Rb8 33. Rdb6 Rxb6 34. Rxb6 a5 35. Qa4 g5 36. Nh5+ Kg6 37. g4 Qd8 38. Qc2+ Kh6 39. Rb1 Ng6 40. Nxf6 Nh4+ 41. Kf2 Qd4+ 42. Kf1 Qxf6 43. Rb8 Rd7 44. Rb6 Rd4 45. Kf2 Rxg4 46. Rb7 Rg2+ 47. Kf1 Qxf3+ 48. exf3 Rxc2 49. Rb6 Nxf3 50. Rxe6+ Kh5 51. a4 Rxc4 52. Kf2 Nd4 53. Re8 Rxa4 54. Ke3 Kg4 55. Kd3 Nf5 56. Re1 Rd4+ 57. Kc3 Rf4 58. Ra1 Kf3 59. Rxa5 g4 60. Ra1 g3 61. Rf1+ Kg4 62. Rg1 Nh4 63. Kd3 g2 64. Ke3 Kg3 65. Rc1 Rf1 66. Rc3 g1=Q+ 67. Ke2+ Kg4 68. Re3 Re1+ 0-1

[Event "January 2 Late 2024"]
[Site "https://www.chess.com"]
[Date "2024.01.02"]
[Round "3"]
[White "Kukhmazov, Arsen"]
[Black "Chor, Kevin"]
[Result "1-0"]
[Board "38"]
[TimeControl "180+1"]
[WhiteFideId "24108260"]
[BlackFideId "2090740"]
[WhiteElo "2869"]
[BlackElo "2628"]
[WhiteTeam "FID"]
[BlackTeam "USA"]
[WhiteClock "0:01:17"]
[BlackClock "0:00:32"]

1. d4 Nf6 2. c4 g6 3. Nf3 Bg7 4. g3 O-O 5. Bg2 d5 6. cxd5 Nxd5 7. O-O Nb6 8. Nc3 c6 9. e3 N8d7 10. a4 a5 11. Qc2 e5 12. Rd1 Qe7 13. b3 Rd8 14. Ba3 Qe8 15. Ne4 Bf8 16. Bxf8 Qxf8 17. dxe5 Nd5 18. Qb2 Qg7 19. Rd2 Re8 20. Nd6 Re7 21. Rc1 Nxe5 22. Nxe5 1-0

[Event "January 2 Late 2024"]
[Site "https://www.chess.com"]
[Date "2024.01.02"]
[Round "3"]
[White "Sowa, Ryan"]
[Black "Sanal, Vahap"]
[Result "0-1"]
[Board "39"]
[TimeControl "180+1"]
[WhiteFideId "30901693"]
[BlackFideId "6300545"]
[WhiteElo "2619"]
[BlackElo "2868"]
[WhiteTeam "USA"]
[BlackTeam "TUR"]
[WhiteClock "0:00:08"]
[BlackClock "0:00:21"]

1. Nf3 d6 2. d4 c5 3. c4 cxd4 4. Nxd4 Nc6 5. Nc3 g6 6. e4 Bg7 7. Be3 Nf6 8. Be2 Nxd4 9. Bxd4 O-O 10. O-O Bd7 11. Qd2 Bc6 12. f3 a5 13. b3 Nd7 14. Be3 Nc5 15. Rac1 Qb6 16. Rc2 a4 17. b4 Qxb4 18. Nd5 Qxd2 19. Nxe7+ Kh8 20. Rxd2 Rfd8 21. Rfd1 Ne6 22. Rxd6 Rxd6 23. Rxd6 Bf8 24. Rxc6 bxc6 25. Nxc6 Bc5 26. Bxc5 Nxc5 27. Kf2 a3 28. Ke3 Ra6 29. Nd4 Ra4 30. Nb5 Kg7 31. Kd4 Ne6+ 32. Kc3 Ra8 33. Kb4 Kf6 34. Nxa3 Nd4 35. Bd1 Nc6+ 36. Kb3 Nd4+ 37. Kb4 Nc6+ 38. Kb3 Ke5 39. Nb5 Nd4+ 40. Kb2 Rd8 41. Bb3 f5 42. exf5 gxf5 43. Kc3 Ne2+ 44. Kb4 Nf4 45. g3 Nd3+ 46. Kc3 Nc5 47. f4+ Ke4 48. Bc2+ Ke3 49. Bxf5 Rd2 50. Bxh7 Rxa2 51. Bc2 Ra1 52. f5 Rh1 53. g4 Rxh2 54. g5 Kf4 55. g6 Ke5 56. Nc7 Rh3+ 57. Kb4 Nb7 58. c5 Rg3 59. Ne8 Nd8 60. g7 Nc6+ 61. Ka4 Rg4+ 62. Ka3 Nd4 63. Bb1 Nb5+ 64. Kb2 Rg2+ 65. Ka1 Rg1 66. f6 Ke6 67. Kb2 Rg2+ 68. Kc1 Rg1+ 69. Kb2 Rg2+ 70. Ka1 Nc3 71. Bd3 Ra2# 0-1

[Event "January 2 Late 2024"]
[Site "https://www.chess.com"]
[Date "2024.01.02"]
[Round "3"]
[White "Szpar, Milosz"]
[Black "Garcia, Erick"]
[Result "1-0"]
[Board "40"]
[TimeControl "180+1"]
[WhiteFideId "1184989"]
[BlackFideId "2058880"]
[WhiteElo "2866"]
[BlackElo "2617"]
[WhiteTeam "POL"]
[BlackTeam "USA"]
[WhiteClock "0:00:10"]
[BlackClock "0:00:30"]

1. e4 e5 2. Nf3 Nc6 3. Nc3 Nf6 4. Bb5 Bb4 5. O-O Bxc3 6. bxc3 d6 7. d4 exd4 8. cxd4 O-O 9. Bd3 h6 10. c3 Ne7 11. h3 b6 12. Re1 Bb7 13. Bf4 Ng6 14. Bh2 Re8 15. Qc2 Nf8 16. Re2 c5 17. Rae1 cxd4 18. cxd4 Rc8 19. Qb2 a6 20. a4 d5 21. e5 Ne4 22. Nd2 Nc3 23. Re3 Nxa4 24. Qa1 b5 25. f4 Qb6 26. Kh1 Rc3 27. Nf3 Rec8 28. f5 Bc6 29. e6 fxe6 30. fxe6 Re8 31. e7 Rxe7 32. Rxe7 Rxd3 33. Be5 Nd7 34. Rxg7+ Kf8 35. Rh7 Nc3 36. Rf1 Ke8 37. Qe1 Ne4 38. Rh8+ Ke7 39. Qh4+ Ndf6 40. Bxf6+ Nxf6 41. Ne5 Bb7 42. Rh7+ 1-0

[Event "January 2 Late 2024"]
[Site "https://www.chess.com"]
[Date "2024.01.02"]
[Round "3"]
[White "Gubajdullin, Alexei"]
[Black "Batsuren, Dambasuren"]
[Result "1-0"]
[Board "41"]
[TimeControl "180+1"]
[WhiteFideId "4141202"]
[BlackFideId "4902920"]
[WhiteElo "2604"]
[BlackElo "2865"]
[WhiteTeam "RUS"]
[BlackTeam "MGL"]
[WhiteClock "0:00:03"]
[BlackClock "0:00:00"]

1. d4 Nf6 2. Nf3 c5 3. c3 e6 4. Bf4 Nc6 5. e3 h6 6. Nbd2 Nh5 7. Be5 d6 8. Bg3 Nxg3 9. hxg3 d5 10. Ne5 Nxe5 11. dxe5 Be7 12. Bb5+ Kf8 13. f4 a6 14. Bd3 b5 15. O-O h5 16. f5 Qc7 17. fxe6 Bxe6 18. Nf3 Kg8 19. Qc2 Re8 20. Bf5 Qc8 21. e4 dxe4 22. Bxe6 Qxe6 23. Qxe4 g6 24. Rf2 Kg7 25. Raf1 Rhf8 26. b4 Qc4 27. Qxc4 bxc4 28. a3 Rd8 29. Rc2 Rd3 30. Re1 Rfd8 31. Kh2 g5 32. e6 f6 33. Re4 cxb4 34. axb4 Rc8 35. Nd4 Kg6 36. Rf2 Rxc3 37. Nf5 Rc7 38. Ne3 Rc1 39. Nd5 Rb7 40. Re3 f5 41. Ref3 f4 42. gxf4 g4 43. f5+ Kg5 44. Re3 Bd6+ 45. g3 h4 46. f6 hxg3+ 47. Rxg3 Rh7+ 48. Kg2 Rhh1 49. Rxg4+ Kxg4 50. Ne3+ Kg5 51. e7 Rhg1+ 52. Kf3 Rg3+ 53. Ke4 Re1 54. Rf3 Rxf3 55. Kxf3 Bf4 56. f7 Rxe3+ 57. Kf2 Rxe7 58. f8=Q Re4 59. Qd8+ Kf5 60. Qc8+ Ke5 61. Qxa6 Kd4 62. Qb6+ Kc3 63. Qc6 Rd4 64. b5 Bd2 65. b6 Kd3 66. b7 Bf4 67. Qg6+ Kd2 68. Qf6 Kd3 69. Kf3 Bb8 70. Qg6+ Kd2 71. Qg5+ Kc2 72. Qc5 1-0

[Event "January 2 Late 2024"]
[Site "https://www.chess.com"]
[Date "2024.01.02"]
[Round "3"]
[White "Lund, Gunnar"]
[Black "Mahdavi, Reza"]
[Result "1/2-1/2"]
[Board "42"]
[TimeControl "180+1"]
[WhiteFideId "1520814"]
[BlackFideId "12595926"]
[WhiteElo "2577"]
[BlackElo "2864"]
[WhiteTeam "NOR"]
[BlackTeam "IRI"]
[WhiteClock "0:00:06"]
[BlackClock "0:00:11"]

1. d4 Nf6 2. c4 e6 3. Nf3 d5 4. g3 Bb4+ 5. Bd2 Be7 6. Bg2 O-O 7. O-O Nbd7 8. Qb3 c6 9. Bf4 a5 10. cxd5 Nxd5 11. Bd2 b6 12. e4 N5f6 13. Qc2 Ba6 14. Rd1 c5 15. dxc5 Bxc5 16. Nc3 Ng4 17. Be1 Qe7 18. h3 Nge5 19. Na4 Nxf3+ 20. Bxf3 Ne5 21. Be2 Rfc8 22. Bxa6 Rxa6 23. Nxc5 Rxc5 24. Qe2 Ra8 25. Bc3 Rac8 26. Kg2 f6 27. Qd2 Qb7 28. Qe2 Nf7 29. Rd2 Rc4 30. Re1 Qc7 31. Qg4 Qc6 32. Bxf6 g6 33. h4 e5 34. b3 Rc3 35. Bg5 Rf8 36. Be3 a4 37. h5 axb3 38. axb3 Rxb3 39. hxg6 Qxg6 40. Qxg6+ hxg6 41. Rd7 Rb8 42. Rc1 Rf8 43. Rcc7 Kg7 44. Rb7 Rb4 45. f3 Rb2+ 46. Kf1 Rb3 47. Ke2 Kf6 48. Rxb6+ Rxb6 49. Bxb6 Rc8 50. Be3 Rc2+ 51. Kd3 Ra2 52. Rb7 Ra3+ 53. Ke2 Ra2+ 54. Bd2 Ke6 55. Kd3 Ra3+ 56. Bc3 Ra6 57. Rb5 Rd6+ 58. Ke3 Rc6 59. Bb2 Ra6 60. f4 exf4+ 61. gxf4 Rc6 62. Bd4 Ra6 63. Rb6+ Rxb6 64. Bxb6 Nd6 65. Bd4 Nc4+ 66. Kf3 Nd6 67. Ba1 Nb5 68. Bb2 Nd6 69. Ba3 Nc4 70. Bc5 Nd2+ 71. Ke3 Nc4+ 72. Kd4 Na5 73. Bb4 Nc6+ 74. Kc5 Nd8 75. Kb6 Nf7 76. Kc7 g5 77. fxg5 Nxg5 78. Ba3 Nxe4 1/2-1/2

[Event "January 2 Late 2024"]
[Site "https://www.chess.com"]
[Date "2024.01.02"]
[Round "3"]
[White "Taboas Rodriguez, Daniel"]
[Black "Melkumyan, Hrant"]
[Result "0-1"]
[Board "43"]
[TimeControl "180+1"]
[WhiteFideId "2208466"]
[BlackFideId "13302485"]
[WhiteElo "2570"]
[BlackElo "2860"]
[WhiteTeam "ESP"]
[BlackTeam "ARM"]
[WhiteClock "0:00:00"]
[BlackClock "0:00:18"]

1. d4 d5 2. Nf3 Nf6 3. c4 e6 4. Nc3 Be7 5. Bg5 Nbd7 6. e3 h6 7. Bh4 O-O 8. Rc1 a6 9. c5 Ne4 10. Bg3 Nxg3 11. hxg3 f5 12. b4 c6 13. Bd3 Qc7 14. Qc2 e5 15. Bxf5 e4 16. Be6+ Kh8 17. Nh4 Bxh4 18. Rxh4 Nxc5 19. dxc5 Bxe6 20. Ne2 Rf6 21. Nd4 Raf8 22. Rf4 Qe5 23. Qe2 Kh7 24. Kd2 Bd7 25. Rh1 g5 26. Qh5 Be8 27. Rxf6 Qxf6 28. Qe2 Qxf2 29. g4 Qxe2+ 30. Kxe2 Bd7 31. a4 Bxg4+ 32. Ke1 Kg6 33. Rf1 Ra8 34. Kf2 h5 35. Kg3 Bd7 36. Rf2 h4+ 37. Kh2 g4 38. Rf1 Rh8 39. Rf4 a5 40. b5 cxb5 41. axb5 Rc8 42. c6 bxc6 43. bxc6 g3+ 44. Kg1 Bxc6 45. Rxh4 Bd7 46. Kf1 a4 47. Ke2 Rf8 48. Ke1 a3 49. Rh1 Rf2 50. Rf1 Rxf1+ 51. Kxf1 Ba4 0-1

[Event "January 2 Late 2024"]
[Site "https://www.chess.com"]
[Date "2024.01.02"]
[Round "3"]
[White "Pham, Le Thao Nguyen"]
[Black "Mekhitarian, Krikor Sevag"]
[Result "0-1"]
[Board "44"]
[TimeControl "180+1"]
[WhiteFideId "12401226"]
[BlackFideId "2107660"]
[WhiteElo "2548"]
[BlackElo "2845"]
[WhiteTeam "VIE"]
[BlackTeam "BRA"]
[WhiteClock "0:00:00"]
[BlackClock "0:00:23"]

1. d4 Nf6 2. Nf3 g6 3. c4 Bg7 4. Nc3 d5 5. Bg5 dxc4 6. e3 Be6 7. Ne5 Nd5 8. Nxc4 c5 9. Qa4+ Nc6 10. Ne5 O-O 11. Nxc6 bxc6 12. Be2 Nxc3 13. bxc3 Qd5 14. Bxe7 Qxg2 15. Rf1 cxd4 16. cxd4 Rfe8 17. Bc5 Bd5 18. h4 h5 19. Qd1 Rab8 20. Bxa7 Rb2 21. Bc5 Qe4 22. a3 Qxh4 23. Qc1 Reb8 24. a4 Qe4 25. a5 Rb1 26. a6 Rxc1+ 27. Rxc1 Ra8 28. a7 Bf8 29. Bb6 Bb4+ 0-1

[Event "January 2 Late 2024"]
[Site "https://www.chess.com"]
[Date "2024.01.02"]
[Round "3"]
[White "Kadric, Denis"]
[Black "Pinheiro, Iung Alicio de O."]
[Result "1-0"]
[Board "45"]
[TimeControl "180+1"]
[WhiteFideId "14403803"]
[BlackFideId "2104350"]
[WhiteElo "2828"]
[BlackElo "2539"]
[WhiteTeam "MNE"]
[BlackTeam "BRA"]
[WhiteClock "0:00:20"]
[BlackClock "0:00:02"]

1. e4 e5 2. Nf3 Nc6 3. Bc4 Nf6 4. d3 Be7 5. O-O d6 6. a4 Na5 7. Ba2 c5 8. c3 O-O 9. b4 Nc6 10. Bd2 cxb4 11. cxb4 Bg4 12. h3 Be6 13. b5 Bxa2 14. Rxa2 Nb8 15. Nc3 Nbd7 16. Re1 Nc5 17. d4 exd4 18. Nxd4 Re8 19. Qf3 Ncd7 20. Nf5 Ne5 21. Qe2 Bf8 22. Bg5 h6 23. Bh4 Ng6 24. Bxf6 Qxf6 25. Nd5 Qd8 26. Rc2 Rc8 27. Rec1 Rxc2 28. Qxc2 Qd7 29. f3 Ne5 30. Qc7 Qe6 31. Qxb7 Qg6 32. Rc8 Qe6 33. Rxe8 Qxe8 34. Nxh6+ Kh7 35. Ng4 Qe6 36. Nxe5 dxe5 37. Qxa7 Bb4 38. Nxb4 Qd6 39. Nd5 Qa3 40. Qf2 Qxa4 41. b6 Qa1+ 42. Kh2 Qb1 43. Qh4+ Kg6 44. Qg3+ Kh7 45. Qxe5 f6 46. Qf5+ Kg8 47. Qc8+ Kh7 48. b7 Qb2 49. b8=Q Qe5+ 50. Qxe5 fxe5 51. Qf5+ 1-0

[Event "January 2 Late 2024"]
[Site "https://www.chess.com"]
[Date "2024.01.02"]
[Round "3"]
[White "Przybylski, Wojciech"]
[Black "Klukin, Kirill"]
[Result "0-1"]
[Board "46"]
[TimeControl "180+1"]
[WhiteFideId "1117599"]
[BlackFideId "24199273"]
[WhiteElo "2537"]
[BlackElo "2826"]
[WhiteTeam "POL"]
[BlackTeam "RUS"]
[WhiteClock "0:00:05"]
[BlackClock "0:00:12"]

1. e4 c5 2. Nf3 g6 3. c3 Bg7 4. Bc4 e6 5. O-O Ne7 6. e5 Nbc6 7. d4 cxd4 8. cxd4 d6 9. Qe2 O-O 10. Rd1 a6 11. a4 Nd5 12. Na3 Qc7 13. Re1 Na5 14. Bd3 Nb4 15. Be4 d5 16. Bd3 Nxd3 17. Qxd3 Bd7 18. Nc2 Qc4 19. Qxc4 Nxc4 20. b3 Na5 21. Rb1 Rfc8 22. Nb4 b5 23. axb5 Bxb5 24. Bd2 Nc6 25. Nxc6 Rxc6 26. Rec1 Rb6 27. Ba5 Rb7 28. Rc7 Rxc7 29. Bxc7 Rc8 30. Bd6 Bf8 31. Bc5 Bd3 32. Rc1 Rb8 33. b4 Bb5 34. Ra1 h6 35. Nd2 Bg7 36. f4 f6 37. Kf2 g5 38. g3 Rb7 39. Ke3 gxf4+ 40. gxf4 fxe5 41. fxe5 Rf7 42. Nf3 Rf5 43. h4 Kf7 44. Rg1 Be8 45. Rg4 Kg8 46. Rg3 Bh5 47. Nd2 Kf7 48. Bd6 Bg6 49. Bc5 Bh5 50. Bd6 Bd1 51. Bc5 h5 52. Kd3 Bh6 53. Rh3 Bg4 54. Rg3 Kg6 55. Be7 Bf4 56. Rg2 Rf7 57. Bd6 Bh6 58. Bc5 Rf5 59. Rg1 Bf4 60. Rg2 Kf7 61. Nb3 Bh6 62. Nd2 Bxd2 63. Kxd2 Kg6 64. Ke1 Rf3 65. Rf2 Re3+ 66. Kf1 Bf5 67. Rg2+ Kf7 68. Kf2 Re4 69. Kg3 Rg4+ 70. Kf3 Rxh4 71. Rg5 Rh3+ 72. Kg2 Rh4 73. Kg3 Rh1 74. Kg2 Be4+ 75. Kf2 h4 76. Rh5 h3 77. Kg3 Bf5 78. Rh4 Rg1+ 79. Kf2 Rg2+ 80. Kf3 Rg6 81. Kf4 Kg7 82. Be7 Kf7 83. Bf6 Ke8 84. Rh8+ Kd7 85. Rh7+ Kc6 86. Rh8 Kb5 87. Rb8+ Kc4 88. Rh8 Kxd4 89. b5 axb5 90. Be7 Rg4+ 91. Kf3 Rg7 92. Bd6 Rf7 93. Rh4+ Be4+ 94. Kg3 Rf3+ 95. Kh2 Kc3 96. Rh8 b4 97. Rb8 Bf5 98. Bxb4+ Kd3 99. Bd6 Rf2+ 100. Kg1 Rg2+ 101. Kh1 Be4 102. Rb3+ Kc4 103. Rxh3 d4 104. Rh4 Rg4+ 105. Kh2 Rxh4+ 106. Kg3 Rh7 107. Be7 Kd5 108. Bf6 d3 109. Kf2 Rh2+ 110. Ke3 Re2+ 111. Kf4 d2 112. Bg5 d1=Q 113. Bh4 Qf1+ 114. Kg5 Rg2+ 115. Kh6 Qf8+ 116. Kh5 Qf7+ 117. Kh6 Qg6# 0-1

[Event "January 2 Late 2024"]
[Site "https://www.chess.com"]
[Date "2024.01.02"]
[Round "3"]
[White "Lysyj, Igor"]
[Black "Ljukin, Sergei"]
[Result "1-0"]
[Board "47"]
[TimeControl "180+1"]
[WhiteFideId "4150120"]
[BlackFideId "14102200"]
[WhiteElo "2823"]
[BlackElo "2536"]
[WhiteTeam "FID"]
[BlackTeam "UKR"]
[WhiteClock "0:01:36"]
[BlackClock "0:00:15"]

1. d4 d5 2. c4 c6 3. Nf3 Nf6 4. e3 e6 5. Bd3 dxc4 6. Bxc4 b5 7. Be2 a6 8. O-O Nbd7 9. a4 Bb7 10. Nbd2 Bd6 11. Nb3 O-O 12. Bd2 bxa4 13. Na5 Qb6 14. Qxa4 c5 15. Nc4 Qc7 16. Nxd6 Qxd6 17. dxc5 Nxc5 18. Qd4 Rfd8 19. Qxd6 Rxd6 20. Bb4 Rc6 21. Ne5 Rcc8 22. Ba3 Nd5 23. Nc4 f5 24. Nd6 Nb3 25. Nxc8 Nxa1 26. Nd6 1-0

[Event "January 2 Late 2024"]
[Site "https://www.chess.com"]
[Date "2024.01.02"]
[Round "3"]
[White "Panchenko, Dmitry"]
[Black "Lewicki, Miroslaw"]
[Result "0-1"]
[Board "48"]
[TimeControl "180+1"]
[WhiteFideId "4169158"]
[BlackFideId "1113380"]
[WhiteElo "2822"]
[BlackElo "2532"]
[WhiteTeam "RUS"]
[BlackTeam "POL"]
[WhiteClock "0:01:00"]
[BlackClock "0:00:17"]

1. e4 c5 2. Nf3 d6 3. d4 cxd4 4. Nxd4 Nf6 5. Nc3 a6 6. Be2 e5 7. Nb3 Be7 8. O-O O-O 9. Be3 Be6 10. Qd2 Nbd7 11. a4 Qc7 12. a5 Rac8 13. f3 Rfd8 14. Nc1 d5 15. exd5 Nc5 16. Bc4 Nce4 17. fxe4 Qxc4 18. Ra4 Bb4 19. N1a2 Nxe4 20. Qd3 Nxc3 21. Qxc4 Rxc4 22. bxc3 Bc5 23. Bxc5 Rxa4 24. dxe6 fxe6 25. Nc1 h6 26. Bb4 Rd2 27. Nd3 Rxc2 28. g4 e4 29. Nf4 e5 30. Ne6 Raa2 31. Rf8+ Kh7 32. Bc5 Rg2+ 33. Kf1 Rxh2 34. Rf2 Rhxf2+ 35. Bxf2 Rxa5 36. Nc5 b5 37. Nxe4 Ra2 38. Nc5 a5 39. Nd7 b4 40. cxb4 axb4 41. Nxe5 b3 42. Nc4 b2 43. Nd2 b1=Q+ 44. Nxb1 Ra1 45. Be3 Rxb1+ 46. Kg2 Rb3 47. Bf4 g5 48. Be5 Kg6 49. Bd4 h5 50. gxh5+ Kxh5 51. Bf6 Kg4 52. Be5 Ra3 53. Bd6 Ra2+ 54. Kg1 Kf3 55. Bc7 g4 56. Kh1 g3 57. Bb6 g2+ 58. Kh2 Ra1 59. Bg1 Rb1 60. Bc5 Rh1# 0-1

[Event "January 2 Late 2024"]
[Site "https://www.chess.com"]
[Date "2024.01.02"]
[Round "3"]
[White "Sukandar, Irine Kharisma"]
[Black "Pakleza, Zbigniew"]
[Result "1-0"]
[Board "49"]
[TimeControl "180+1"]
[WhiteFideId "7101937"]
[BlackFideId "1119290"]
[WhiteElo "2436"]
[BlackElo "2821"]
[WhiteTeam "INA"]
[BlackTeam "POL"]
[WhiteClock "0:00:15"]
[BlackClock "0:00:04"]

1. d4 d6 2. e4 Nf6 3. Nc3 c6 4. h3 b5 5. Bd3 e5 6. Nf3 Nbd7 7. Be3 Be7 8. O-O O-O 9. a4 b4 10. Nb1 Re8 11. c3 bxc3 12. bxc3 Bf8 13. Nbd2 a5 14. Re1 Ba6 15. Bxa6 Rxa6 16. dxe5 dxe5 17. Qe2 Ra8 18. Rab1 Nc5 19. Bxc5 Bxc5 20. Nc4 Qc7 21. Red1 g6 22. Ng5 h6 23. Nf3 Kg7 24. Rb2 Nh5 25. Rbd2 Nf4 26. Qf1 Re7 27. g3 Nh5 28. Kg2 Rb8 29. Ne1 Rb3 30. Nd3 Ba7 31. Ndxe5 Rxe5 32. Rd7 Qb8 33. Rd8 Re7 34. Rxb8 Bxb8 35. Qd3 Nf6 36. Nxa5 Rb2 37. Nxc6 Reb7 38. Nxb8 Rxb8 39. e5 Ng8 40. Qd4 Kh7 41. a5 R2b7 42. a6 Re7 43. Ra1 Ra8 44. Qc5 h5 45. a7 Rd7 46. Qb6 Ne7 47. Qb8 Rd8 48. Qxd8 Rxd8 49. a8=Q Rxa8 50. Rxa8 Nc6 51. Rc8 Nxe5 52. c4 Kg7 53. c5 Kf6 54. c6 Ke7 55. c7 Kd7 56. Re8 1-0

[Event "January 2 Late 2024"]
[Site "https://www.chess.com"]
[Date "2024.01.02"]
[Round "3"]
[White "Czarnota, Pawel"]
[Black "Garrido, Denis"]
[Result "1-0"]
[Board "50"]
[TimeControl "180+1"]
[WhiteFideId "1121219"]
[BlackFideId "601217"]
[WhiteElo "2819"]
[BlackElo "2418"]
[WhiteTeam "POL"]
[BlackTeam "FRA"]
[WhiteClock "0:01:47"]
[BlackClock "0:00:15"]

1. e4 e6 2. d4 c5 3. d5 exd5 4. exd5 d6 5. Nf3 Be7 6. Bd3 Bf6 7. O-O Ne7 8. c4 O-O 9. Nc3 Bxc3 10. bxc3 Ng6 11. h3 Qf6 12. Bg5 Qxc3 13. Rc1 Qa3 14. Re1 Nd7 15. Re3 Qa6 16. Qc2 f6 17. Bxg6 hxg6 18. Qxg6 Ne5 19. Nxe5 dxe5 20. Bh6 Rf7 21. Rg3 Kf8 22. Bxg7+ Ke7 23. Re1 Qxc4 24. Bxf6+ Rxf6 25. Rxe5+ Kd7 26. Qg7+ 1-0

[Event "January 2 Late 2024"]
[Site "https://www.chess.com"]
[Date "2024.01.02"]
[Round "3"]
[White "Cabarkapa, Novak"]
[Black "Osmonbekov, Talaibek"]
[Result "1-0"]
[Board "51"]
[TimeControl "180+1"]
[WhiteFideId "943746"]
[BlackFideId "2017253"]
[WhiteElo "2818"]
[BlackElo "2307"]
[WhiteTeam "SRB"]
[BlackTeam "USA"]
[WhiteClock "0:00:16"]
[BlackClock "0:00:00"]

1. d4 e6 2. Nc3 f5 3. e4 fxe4 4. Nxe4 Nf6 5. Nxf6+ Qxf6 6. Nf3 Nc6 7. Bd3 d6 8. Bg5 Qf7 9. Qe2 Be7 10. Bd2 Bd7 11. a3 O-O-O 12. O-O h6 13. b4 Rde8 14. b5 Nd8 15. a4 g5 16. a5 g4 17. Ne1 Bg5 18. b6 a6 19. bxc7 Kxc7 20. f4 gxf3 21. Nxf3 Bxd2 22. Qxd2 Qg7 23. Rab1 Bc6 24. c4 Bxf3 25. Rxf3 Qxd4+ 26. Kh1 Rhf8 27. Re3 e5 28. Qe2 Qf4 29. Be4 Rf6 30. h3 Ref8 31. Rf3 Qg5 32. Qb2 Rxf3 33. Qb6+ Kd7 34. Bxf3 Rxf3 35. gxf3 Qg3 36. Qb2 Qxh3+ 37. Kg1 Qh4 38. Qg2 Qd4+ 39. Kh2 Qxc4 40. Qg7+ Kc8 41. Rg1 Qf4+ 42. Rg3 Qd2+ 43. Kh3 Qf4 44. Qh7 d5 45. Qc2+ 1-0

[Event "January 2 Late 2024"]
[Site "https://www.chess.com"]
[Date "2024.01.02"]
[Round "3"]
[White "Makarian, Rudik"]
[Black "Zakarian, David"]
[Result "1-0"]
[Board "52"]
[TimeControl "180+1"]
[WhiteFideId "44105681"]
[BlackFideId "13301276"]
[WhiteElo "3026"]
[BlackElo "2400"]
[WhiteTeam "FID"]
[BlackTeam "ARM"]
[WhiteClock "0:00:58"]
[BlackClock "0:00:24"]

1. e4 c5 2. Nf3 e6 3. g3 Nc6 4. Bg2 d6 5. O-O Nf6 6. Re1 Be7 7. c3 O-O 8. d4 cxd4 9. cxd4 e5 10. d5 Nb8 11. Nc3 Nbd7 12. Be3 Ng4 13. Bc1 Nc5 14. h3 Nf6 15. Be3 Ncxe4 16. Nxe4 Nxe4 17. Nxe5 Nxf2 18. Bxf2 dxe5 19. Rxe5 Bf6 20. Re2 Re8 21. Rc1 Bf5 22. g4 Bg6 23. Rxe8+ Qxe8 24. d6 Qb5 25. d7 Rd8 26. Rc8 h6 27. a4 Qxb2 28. Qe1 Kh7 29. Qe8 Bd4 30. Qh8+ Kxh8 31. Rxd8+ Kh7 32. Rh8+ Kxh8 33. d8=Q+ Kh7 34. Qxd4 Qc1+ 35. Kh2 Qc7+ 36. Bg3 Qa5 37. Bxb7 1-0

[Event "January 2 Late 2024"]
[Site "https://www.chess.com"]
[Date "2024.01.02"]
[Round "3"]
[White "Alekseenko, Kirill"]
[Black "Melian, Juan Sebastian"]
[Result "1-0"]
[Board "53"]
[TimeControl "180+1"]
[WhiteFideId "4135539"]
[BlackFideId "3706575"]
[WhiteElo "2929"]
[BlackElo "2600"]
[WhiteTeam "AUT"]
[BlackTeam "PAR"]
[WhiteClock "0:00:24"]
[BlackClock "0:00:00"]

1. e4 c5 2. Nf3 e6 3. d4 cxd4 4. Nxd4 a6 5. Nc3 b5 6. Bd3 Bb7 7. O-O Nc6 8. Nf3 d6 9. Qe1 Nf6 10. a4 b4 11. Na2 d5 12. Bg5 Be7 13. Rd1 dxe4 14. Bxe4 Qc7 15. Bxf6 gxf6 16. c3 b3 17. Nc1 Na5 18. Qe2 O-O 19. Bxb7 Qxb7 20. Rd4 f5 21. Ne5 Rad8 22. Ncd3 Rxd4 23. cxd4 Rd8 24. Qh5 Bf6 25. Nc5 Qe7 26. Rc1 Bxe5 27. dxe5 Nc6 28. Qe2 a5 29. h3 Nd4 30. Qe3 Rd5 31. Nd3 Qd7 32. Nf4 1-0